 Dungeon Crawl Stone Soup version 0.23.2-1-ga50397a6bc (webtiles) character file.

Game seed: 7298171101962608083

3115 Marnok the Shield-Bearer (level 9, -4/71 HPs)
             Began as a Demonspawn Fighter on Apr 29, 2019.
             Slain by a large abomination (8 damage)
             ... on level 1 of the Abyss.
             The game lasted 00:28:57 (8804 turns).

Marnok the Shield-Bearer (Demonspawn Fighter)       Turns: 8804, Time: 00:28:58

Health: -4/71      AC:  8    Str: 16 (21) XL:     9   Next: 60%
Magic:  0/9        EV: 11    Int:  8 (11) God:
Gold:   232        SH: 15    Dex: 11 (12) Spells: 8/8 levels left

rFire    + . .     SeeInvis .   x - +5 spear
rCold    + . .     Gourm    .   c - +0 shield
rNeg     . . .     Faith    .   I - +0 leather armour of Masochism {*Contam rC+ rCorr} (curse)
rPois    .         Spirit   +   (no helmet)
rElec    .         Reflect  +   E - +2 cloak
rCorr    +         Harm     .   (no gloves)
MR       .....                  (no boots)
Stlth    ++++......             n - +5 amulet of reflection
HPRegen  0.21/turn              b - ring of protection from fire
MPRegen  0.22/turn              D - ring of flight

@: studying Unarmed Combat
A: hooves 1, rugged brown scales 2, clever 1, deterioration 1, nightstalker 2,
magic shield, magic regeneration
a: Evoke Flight


You were on level 1 of the Abyss.
You were hungry.

You visited 1 branch of the dungeon, and saw 9 of its levels.
You visited the Abyss 1 time.
You also visited: Sewer.

You collected 453 gold pieces.
You spent 221 gold pieces at shops.

Inventory:

Hand Weapons
 a - a +1 trident
 k - a +2 flail of crushing
 q - a +4 great sword
 x - a +5 spear (weapon)
 A - a +1 antimagic quarterstaff
Missiles
 m - 6 javelins (quivered)
Armour
 c - a +0 shield (worn)
 g - a +1 leather armour of cold resistance
 t - a +0 cloak
 E - a +2 cloak (worn)
 I - the cursed +0 leather armour of Masochism (worn) {*Contam rC+ rCorr}
   (You found it on level 1 of the Abyss)

   It protects you from cold.
   It causes magical contamination when unequipped.
   It provides partial protection from all sources of acid and corrosion.
   It has a curse placed upon it.
Jewellery
 b - a ring of protection from fire (left hand)
 n - a +5 amulet of reflection (around neck)
 p - an uncursed amulet of faith {unknown}
 u - an uncursed amulet of magic regeneration {unknown}
 v - the amulet of Ceirop {Reflect rElec MR++ SH+3 Stlth+, unknown}
   (You found it on level 6 of the Dungeon)

   [amulet of reflection]

   It shields you and reflects attacks.
   It insulates you from electricity.
   It affects your resistance to hostile enchantments.
   It affects your SH (+3).
   It makes you more stealthy.
 D - a ring of flight (right hand)
Wands
 i - a wand of acid (3)
 s - a wand of paralysis (12)
Scrolls
 d - 5 scrolls of remove curse
 h - 2 scrolls of blinking
 w - a scroll of fog {unknown}
 y - 3 scrolls of silence {unknown}
 B - 4 scrolls of amnesia
 H - a scroll of identify
Potions
 e - a potion of flight
 j - 2 potions of agility
 l - 3 potions of curing
 o - 2 potions of brilliance
Books
 r - a manual of Unarmed Combat
Comestibles
 f - 14 rations
 F - 2 chunks of flesh


   Skills:
 + Level 5.2 Fighting
 + Level 4.2 Maces & Flails
 + Level 5.5 Polearms
 + Level 0.3 Throwing
 + Level 4.6 Armour
 + Level 4.3 Dodging
 + Level 3.4 Stealth
 + Level 6.9 Shields


You had 8 spell levels left.
You didn't know any spells.
Your spell library was empty.

Dungeon Overview and Level Annotations

Branches:
Dungeon (9/15)             Temple (0/1) D:5
   Lair: D:8-11         Orc: D:9-12

Altars:
Dithmenos
Okawaru
Qazlal

Shops:
D:5 !

Annotations:
D:3 2 runed translucent doors, ghwc's ghost, amateur HOFi
D:4 Grinder
D:8 Harold; Psyche


Innate Abilities, Weirdness & Mutations

You have large cloven feet.
You are mostly covered in rugged brown scales. (AC +2, +5% HP)
You are significantly more attuned to the shadows.
When hurt, damage is shared between your health and your magic reserves.
You regenerate magic rapidly.
Your mind is acute. (Int +2)
Your body sometimes deteriorates upon taking damage.


Message History

You feel less confused.
You block the large abomination's attack.
You hit the large abomination but do no damage.
You kick the large abomination, but do no damage.
The large abomination is moderately damaged.
The large abomination closely misses you.
You hit the large abomination but do no damage.
You kick the large abomination, but do no damage.
The large abomination is moderately damaged.
You block the large abomination's attack.
You hit the large abomination but do no damage.
Your kick misses the large abomination.
The large abomination is moderately damaged.
The large abomination hits you!
* * * LOW HITPOINT WARNING * * *
You hit the large abomination but do no damage.
You kick the large abomination, but do no damage.
The large abomination is moderately damaged.
The large abomination hits you!
You die... ≈≈ ♣.. ≈≈≈≈≈.#.#X ≈ ≈≈ ≈≈.
X.x

≈≈≈≈ .. .#
. ≈≈≈ ♣≈
#. . ≈ ≈.
...#### ≈
..#...#X##
≈≈≈≈≈ #
##..@#
≈≈≈##.#
###### ≈ ≈
# .#. ≈≈
####.## #
≈≈≈ # ..
.. # ##..#
.## . #
.#... # ≈.
... .. . #
≈≈ #.#
.#...


You could see a large abomination.

Vanquished Creatures
  2 hippogriffs (D:7)
  A small abomination (Abyss:1)
  An orc warrior (D:7)
  5 ogres
  2 phantoms (D:6)
  3 centaurs (D:4)
  3 big kobolds
  2 bullfrogs
  A scorpion (D:6)
  4 wights (D:6)
  2 howler monkeys
  2 crimson imps
  A centaur zombie (D:6)
  2 hounds
  4 orc priests
  A gnoll shaman (D:7)
  A centaur skeleton (D:6)
  2 iguanas (D:7)
  4 orc wizards (D:7)
  4 worker ants
  A hound zombie (D:6)
  A hound skeleton (D:6)
  2 worker ant zombies
  10 gnolls
  16 adders
  6 oozes
  4 worms
  A dart slug (D:1)
  16 leopard geckos
  17 orcs
  10 bats
  12 giant cockroaches
  6 goblins
  2 hobgoblins
  4 jackals (D:2)
  17 kobolds
  6 quokkas
  12 ball pythons
  15 frilled lizards
  A leopard gecko zombie (D:8)
  6 rats
212 creatures vanquished.

Vanquished Creatures (others)
  An orc (D:7)
1 creature vanquished.

Grand Total: 213 creatures vanquished

Notes
Turn   | Place    | Note
-------+----------+-------------------------------------------
     0 | D:1      | Marnok the Demonspawn Fighter began the quest for the Orb.
     0 | D:1      | Reached XP level 1. HP: 18/18 MP: 1/1
   423 | D:1      | Gained mutation: You are slightly more attuned to the
                  | shadows. [demonic ancestry]
   423 | D:1      | Reached XP level 2. HP: 19/24 MP: 2/2
  1218 | D:2      | Gained mutation: You are partially covered in rugged brown
                  | scales. (AC +1, +3% HP) [demonic ancestry]
  1218 | D:2      | Reached XP level 3. HP: 15/29 MP: 3/3
  1245 | D:2      | Reached skill level 3 in Shields
  1602 | D:2      | Gained mutation: You are mostly covered in rugged brown
                  | scales. (AC +2, +5% HP) [demonic ancestry]
  1602 | D:2      | Reached XP level 4. HP: 20/36 MP: 4/4
  1776 | D:2      | Reached skill level 1 in Dodging
  2184 | D:3      | Found a large runed translucent door.
  2213 | D:3      | Found a large runed translucent door.
  2214 | D:3      | Noticed ghwc's ghost (amateur HOFi)
  2308 | D:3      | Found a stormy altar of Qazlal.
  2780 | D:3      | Gained mutation: When hurt, damage is shared between your
                  | health and your magic reserves. [demonic ancestry]
  2780 | D:3      | Reached XP level 5. HP: 42/43 MP: 5/5
  2914 | D:3      | Found an iron altar of Okawaru.
  3189 | D:3      | Gained mutation: Your body sometimes deteriorates upon
                  | taking damage. [potion of mutation]
  3189 | D:3      | Gained mutation: Your mind is acute. (Int +2) [potion of
                  | mutation]
  3450 | D:4      | Noticed a centaur
  3461 | D:4      | Killed a centaur
  3616 | D:4      | Gained mutation: You are significantly more attuned to the
                  | shadows. [demonic ancestry]
  3616 | D:4      | Reached XP level 6. HP: 44/50 MP: 6/6
  3718 | D:4      | Reached skill level 4 in Shields
  3729 | D:4      | Noticed Grinder
  4219 | D:5      | Entered Level 5 of the Dungeon
  4219 | D:5      | Found Alisaeg's Distillery.
  4278 | D:5      | Found a glowing drain.
  4309 | Sewer    | Entered a sewer
  4364 | Sewer    | Gained mutation: You have large cloven feet. [demonic
                  | ancestry]
  4364 | Sewer    | Reached XP level 7. HP: 55/55 MP: 7/7
  4724 | Sewer    | Reached skill level 1 in Maces & Flails
  4960 | D:5      | Found a staircase to the Ecumenical Temple.
  5123 | D:5      | Reached skill level 5 in Shields
  5197 | D:5      | Bought a potion of curing for 39 gold pieces
  5197 | D:5      | Bought a potion of curing for 39 gold pieces
  5197 | D:5      | Bought a potion of heal wounds for 65 gold pieces
  5197 | D:5      | Bought a potion of curing for 39 gold pieces
  5197 | D:5      | Bought a potion of curing for 39 gold pieces
  5260 | D:5      | Found a shadowy altar of Dithmenos.
  5287 | D:5      | Reached skill level 1 in Stealth
  5813 | D:6      | Gained mutation: You regenerate magic rapidly. [demonic
                  | ancestry]
  5813 | D:6      | Reached XP level 8. HP: 63/63 MP: 8/8
  5869 | D:6      | Got a faintly glowing iron amulet
  6921 | D:7      | Noticed a hippogriff
  6937 | D:7      | Killed a hippogriff
  6963 | D:7      | Reached XP level 9. HP: 41/70 MP: 7/9
  6977 | D:7      | Reached skill level 6 in Shields
  7307 | D:7      | Reached skill level 5 in Fighting
  7548 | D:7      | Reached skill level 5 in Polearms
  8259 | D:8      | Noticed Harold
  8618 | D:8      | Noticed Psyche
  8623 | D:8      | Cast into level 1 of the Abyss (Psyche)
  8648 | Abyss:1  | Found a hazy altar of Hepliaklqana.
  8749 | Abyss:1  | Got a scorched leather armour
  8760 | Abyss:1  | Identified the cursed +0 leather armour of Masochism
                  | {*Contam rC+ rCorr} (You found it on level 1 of the Abyss)
  8773 | Abyss:1  | Noticed a large abomination
  8804 | Abyss:1  | Slain by a large abomination

Skill      XL: |  1  2  3  4  5  6  7  8  9 |
---------------+----------------------------+-----
Armour         | 3 4 |  4.6
Polearms       | 2 3 4 5 |  5.5
Shields        | 3 4 5 6 |  6.9
Dodging        | 1 2 3 4 |  4.3
Fighting       | 4 5 |  5.2
Maces & Flails | 3 4 |  4.2
Stealth        | 1 2 3 |  3.4
Throwing       | |  0.3

Action                   |  1- 3 |  4- 6 |  7- 9 || total
-------------------------+-------+-------+-------++-------
Melee: Trident           |   101 |   258 |       ||   359
       Flail             |       |    53 |   225 ||   278
       Kick              |       |       |   156 ||   156
       Spear             |       |       |   312 ||   312
Throw: Javelin           |       |     5 |       ||     5
  Use: Potion            |     4 |     5 |     8 ||    17
       Scroll            |       |     9 |     5 ||    14
 Stab: Invisible         |       |     1 |       ||     1
       Sleeping          |       |       |    23 ||    23
  Eat: Chunk             |     2 |    10 |    14 ||    26
Armor: Scale mail        |    58 |    52 |       ||   110
       Chain mail        |       |   156 |    82 ||   238
       Leather armour    |       |       |    71 ||    71
Dodge: Dodged            |    44 |    87 |   129 ||   260
Block: Shield            |    73 |   223 |   424 ||   720
       Reflection        |       |       |     4 ||     4
